 Dungeon Crawl Stone Soup version 0.18.1-48-g4cf74bf (webtiles) character file.

7293 Legadrian the Grappler (level 10, -11/102 HPs)
             Began as a Troll Monk on June 24, 2016.
             Was an Elder of Fedhas.
             Mangled by a vampire (15 damage)
             ... on level 11 of the Dungeon on June 25, 2016.
             The game lasted 01:19:06 (7665 turns).

Legadrian the Grappler (Troll Monk)                 Turns: 7665, Time: 01:19:07

Health: -11/102    AC:  5    Str: 24    XL:     10   Next: 89%
Magic:  9/9        EV: 11    Int:  4    God:    Fedhas [****..]
Gold:   601        SH:  0    Dex: 12    Spells: 0 memorised, 9 levels left

rFire  . . .     SeeInvis .       - Unarmed
rCold  . . .     Gourm    +     (armour restricted)
rNeg   . . .     Faith    .     (no shield)
rPois  +         Spirit   .     w - +2 hat
rElec  .         Dismiss  .     (no cloak)
rCorr  .         Reflect  .     (gloves unavailable)
SustAt .         Harm     +     (boots unavailable)
MR     .....     Rnd*Rage +     m - amulet of harm
Stlth  ++........               v - ring of poison resistance
                                D - ring of stealth

@: not resistant to hostile enchantments, unstealthy
A: unfitting armour, claws 3, fangs 1, berserk 1, dopey 1, fast metabolism 3,
gourmand, regeneration 2, shaggy fur 1, tough skin 2
a: Evolution, Sunlight, Growth, Reproduction, Renounce Religion


You were on level 11 of the Dungeon.
You worshipped Fedhas.
Fedhas was greatly pleased with you.
You were very full.

You visited 1 branch of the dungeon, and saw 11 of its levels.

You collected 629 gold pieces.
You spent 28 gold pieces at shops.

Inventory:

Missiles
 a - 5 silver tomahawks
 j - 153 stones
 s - 3 tomahawks (quivered)
Armour
 l - a +0 robe
 w - a +2 hat (worn)
 x - a +0 shield
Jewellery
 m - an amulet of harm (around neck)
 v - a ring of poison resistance (right claw)
 B - an uncursed ring of resist corrosion
 D - a ring of stealth (left claw)
Scrolls
 d - 2 scrolls of enchant armour {unknown}
 o - a scroll of blinking
 p - 2 scrolls of enchant weapon
 r - 3 scrolls of remove curse
 t - a scroll of fog {unknown}
 y - a scroll of amnesia
 z - a scroll of immolation {unknown}
 C - a scroll of teleportation {unknown}
 E - 2 scrolls of recharging
Potions
 c - 2 potions of ambrosia
 e - a potion of degeneration {unknown}
 f - 3 potions of lignification
 g - 4 potions of cure mutation
 h - 2 potions of agility
 k - 7 potions of curing
 n - a potion of haste {unknown}
 q - 5 potions of heal wounds
 u - 3 potions of flight
 F - a potion of magic {unknown}
Comestibles
 b - 4 bread rations
 i - a royal jelly
 A - 2 slices of pizza


   Skills:
 + Level 7.0 Fighting
 + Level 2.2 Throwing
 - Level 4.8 Dodging
 - Level 1.1 Stealth
 * Level 5.7 Shields
 * Level 12.1 Unarmed Combat
 + Level 1.2 Invocations


You had 9 spell levels left.
You didn't know any spells.

Dungeon Overview and Level Annotations

Branches:
Dungeon (11/15)            Temple (0/1) D:7            Lair (0/8) D:9
    Orc: D:9-12

Altars:
Fedhas
Gozag
Kikubaaqudgha
Nemelex Xobeh
Okawaru
Sif Muna
Vehumet
Xom
Zin

Shops:
D:4 (   D:9 ?


Innate Abilities, Weirdness & Mutations

You are too large for most types of armour.
You have claws for hands.
Your metabolism is lightning-fast.
You like to eat raw meat.
You heal very quickly.
You are covered in fur (AC +1).
You have very tough skin (AC +2).
You have very sharp teeth.
You tend to lose your temper in combat.
You are dopey. (Int -2)


Message History

The vampire barely misses you. The vampire bites you!
The vampire draws strength from your injuries!
The vampire hits you! The vampire bites you!
The vampire draws strength from your injuries!
The vampire hits you but does no damage.
The vampire bites you! The vampire hits you!
* * * LOW HITPOINT WARNING * * *
The vampire bites you!
* * * LOW HITPOINT WARNING * * *
The vampire hits you.
* * * LOW HITPOINT WARNING * * *
The vampire closely misses you.
The vampire hits you but does no damage.
The vampire bites you but does no damage.
The vampire hits you.
* * * LOW HITPOINT WARNING * * *
The vampire bites you!
You die...
Fedhas appreciates your contribution to the ecosystem.

####### #.....# #.....#
#####.....##### ...............
#.....# ####.### #.@.# #+# +#
###V# #..## .# #.# #..# )#
######.## #.# )# #.......# #.#
)# #.......# ######[## .#
#.......####..f.)./# .#########
#.......(..#...Vf..#
P)P................##.VĂ·......#


You could see a vampire.

Vanquished Creatures
  A hill giant (D:11)
  An ugly thing (D:11)
  The ghost of Reyan the Summoner, a novice TeSu (D:5)
  Maurice (D:8)
  Prince Ribbit (D:5)
  A troll (D:9)
  A wyvern (D:8)
  Sigmund (D:6)
  A hungry ghost (D:10)
  A hippogriff (D:10)
  Menkaure (D:7)
  A soldier ant (D:5)
  9 orc warriors
  3 sky beasts
  2 phantoms
  A black bear (D:9)
  A centaur (D:5)
  4 ogres
  A crocodile (D:8)
  6 giant frogs
  A wyvern skeleton (D:8)
  11 killer bees (D:8)
  3 scorpions
  3 crimson imps
  5 hounds
  3 jellies
  5 orc priests
  2 giant frog skeletons
  2 iguanas
  17 orc wizards
  7 worker ants
  A hound zombie (D:5)
  2 hound skeletons (D:7)
  2 worker ant zombies (D:8)
  2 howler monkey skeletons
  10 adders
  A shadow imp (D:8)
  An ooze (D:2)
  2 worms
  2 adder skeletons
  3 dart slugs
  5 giant geckos
  44 orcs
  11 giant cockroaches
  11 goblins
  7 hobgoblins
  8 jackals
  6 quokkas
  2 ball pythons (D:4)
  12 bats
  3 giant newts
  A jackal skeleton (D:8)
  8 kobolds
  7 rats
249 creatures vanquished.

Vanquished Creatures (collateral kills)
  A komodo dragon (D:9)
  An ogre (D:9)
  An orc wizard (D:11)
  A hound skeleton (D:11)
  2 orcs (D:11)
6 creatures vanquished.

Vanquished Creatures (others)
  2 wandering mushrooms
  A giant frog (D:7)
  A killer bee (D:7)
  126 toadstools
130 creatures vanquished.

Grand Total: 385 creatures vanquished

Notes
Turn   | Place    | Note
--------------------------------------------------------------
     0 | D:1      | Legadrian the Troll Monk began the quest for the Orb.
     0 | D:1      | Reached XP level 1. HP: 22/22 MP: 0/0
     5 | D:1      | Found a sparkling altar of Nemelex Xobeh.
   316 | D:1      | Reached XP level 2. HP: 29/29 MP: 1/1
   653 | D:2      | Reached XP level 3. HP: 36/36 MP: 2/2
   775 | D:2      | Reached skill level 5 in Unarmed Combat
   935 | D:2      | Reached XP level 4. HP: 42/44 MP: 3/3
  1962 | D:3      | Reached XP level 5. HP: 35/53 MP: 4/4
  2379 | D:4      | Noticed a phantom
  2404 | D:4      | Killed a phantom
  2404 | D:4      | Reached skill level 6 in Unarmed Combat
  2404 | D:4      | Reached XP level 6. HP: 50/61 MP: 5/5
  2507 | D:4      | Found Ryhuckad's Weapon Emporium.
  2650 | D:4      | Reached skill level 1 in Throwing
  2752 | D:4      | Found a blossoming altar of Fedhas.
  2817 | D:4      | Reached XP level 7. HP: 68/68 MP: 6/6
  2902 | D:4      | Became a worshipper of Fedhas Madash
  2902 | D:4      | Reached * piety under Fedhas
  2902 | D:4      | Reached ** piety under Fedhas
  2970 | D:5      | Entered Level 5 of the Dungeon
  2992 | D:5      | Noticed Reyan's ghost (novice TeSu)
  2995 | D:5      | Noticed Prince Ribbit
  3013 | D:5      | Killed Reyan's ghost
  3013 | D:5      | Reached skill level 7 in Unarmed Combat
  3045 | D:5      | Killed Prince Ribbit
  3045 | D:5      | Reached XP level 8. HP: 79/79 MP: 7/7
  3477 | D:5      | Reached skill level 8 in Unarmed Combat
  3710 | D:6      | Reached skill level 1 in Shields
  3742 | D:6      | Noticed Sigmund
  3751 | D:6      | Killed Sigmund
  3751 | D:6      | Reached skill level 5 in Fighting
  4209 | D:7      | Reached skill level 9 in Unarmed Combat
  4296 | D:7      | Found a shimmering altar of Xom.
  4297 | D:7      | Found a glowing silver altar of Zin.
  4297 | D:7      | Noticed an angel
  4336 | D:7      | Reached XP level 9. HP: 88/88 MP: 8/8
  4424 | D:7      | Noticed Menkaure
  4430 | D:7      | Killed Menkaure
  4480 | D:7      | Found an iron altar of Okawaru.
  4562 | D:7      | Found a staircase to the Ecumenical Temple.
  4747 | D:7      | You fall through a shaft!
  4787 | D:8      | Reached *** piety under Fedhas
  4952 | D:8      | Found an opulent altar of Gozag.
  5001 | D:8      | Noticed Maurice
  5004 | D:8      | Gained mutation: You are dopey. (Int -2) [potion of mutation]
  5004 | D:8      | Gained mutation: You have very sharp teeth. [potion of mutation]
  5004 | D:8      | Gained mutation: You tend to lose your temper in combat. [potion of mutation]
  5020 | D:8      | Killed Maurice
  5020 | D:8      | Reached skill level 10 in Unarmed Combat
  5314 | D:8      | Found an ancient bone altar of Kikubaaqudgha.
  5318 | D:8      | Found a deep blue altar of Sif Muna.
  5319 | D:8      | Found a radiant altar of Vehumet.
  5322 | D:8      | Identified Kikubaaqudgha's Volume of Stolen Souls
  5389 | D:8      | Reached XP level 10. HP: 86/98 MP: 6/9
  5890 | D:9      | Reached skill level 11 in Unarmed Combat
  5973 | D:9      | Found a staircase to the Lair.
  6025 | D:9      | Found Xitzaung's Magic Scroll Boutique.
  6041 | D:9      | Bought a scroll of identify for 28 gold pieces
  6236 | D:9      | Found a deep blue altar of Sif Muna.
  6455 | D:10     | Entered Level 10 of the Dungeon
  6470 | D:10     | Reached skill level 5 in Shields
  6779 | D:10     | Reached **** piety under Fedhas
  6809 | D:10     | Reached skill level 1 in Invocations
  7256 | D:11     | Noticed a hill giant
  7261 | D:11     | Killed a hill giant
  7294 | D:11     | Reached skill level 12 in Unarmed Combat
  7425 | D:11     | Noticed a purple ugly thing
  7456 | D:11     | Killed a purple ugly thing
  7665 | D:11     | HP: 4/102 [vampire (6)]
  7665 | D:11     | Mangled by a vampire

Skill      XL: |  1  2  3  4  5  6  7  8  9 10 |
---------------+-------------------------------+-----
Unarmed Combat | 5 6 7 9 10 12 | 12.1
Fighting       | 3 4 5 6 7 |  7.0
Dodging        | 3 4 |  4.8
Throwing       | 1 2 |  2.2
Shields        | 2 4 5 |  5.7
Invocations    | 1 |  1.2
Stealth        | |  1.1

Action                   |  1- 3 |  4- 6 |  7- 9 | 10-12 || total
-------------------------+-------+-------+-------+-------++-------
Melee: Unarmed           |    90 |   173 |   259 |   201 ||   723
       Punch             |     2 |     2 |     2 |       ||     6
       Bite              |       |       |    10 |    22 ||    32
 Fire: Hunting sling     |    13 |       |       |       ||    13
Throw: Stone             |       |    28 |       |       ||    28
       Tomahawk          |       |       |     7 |       ||     7
Invok: Sunlight          |       |       |     4 |       ||     4
       Evolution         |       |       |     1 |     5 ||     6
  Use: Scroll            |       |     6 |     4 |     8 ||    18
       Potion            |       |       |     4 |       ||     4
 Stab: Sleeping          |       |     1 |     3 |     4 ||     8
       Distracted        |       |       |       |     2 ||     2
       Confused          |       |       |       |     2 ||     2
  Eat: Chunk             |    14 |    17 |     6 |     5 ||    42
       Bread ration      |       |       |     1 |     4 ||     5
       Meat ration       |       |       |     3 |     2 ||     5
Armor: Robe              |    27 |    41 |    42 |     3 ||   113
       Skin              |       |       |       |    18 ||    18
Dodge: Dodged            |    39 |    78 |    86 |    50 ||   253
Block: Shield            |       |       |    77 |    53 ||   130
